 Dungeon Crawl Stone Soup version 0.28-a0-657-g71136c5590 (webtiles) character file.

Game seed: 16330351013487542193

86 rgnkln the Vexing (level 4, -1/21 HPs)
             Began as a Spriggan Enchanter on Oct 13, 2021.
             Frozen to death by an endoplasm (3 damage)
             ... on level 3 of the Dungeon.
             The game lasted 00:03:38 (2298 turns).

rgnkln the Vexing (Spriggan Enchanter)              Turns: 2298, Time: 00:03:40

Health: -1/21      AC:  2    Str:  5    XL:     4   Next: 27%
Magic:  5/11       EV: 17    Int: 16    God:
Gold:   97         SH:  5    Dex: 15    Spells: 2/11 levels left

rFire   . . .      SeeInvis +   a - +2 dagger
rCold   . . .      Faith    .   (shield restricted)
rNeg    . . .      Spirit   .   b - +0 robe
rPois   .          Reflect  +   (helmet restricted)
rElec   .          Harm     .   (no cloak)
rCorr   .          Rampage  .   (gloves unavailable)
Will    .....                   (boots unavailable)
Stlth   +++.......              f - amulet of reflection
HPRegen 0.07/turn               (no ring)
MPRegen 0.12/turn               (no ring)

@: very slightly contaminated, invisible, very quick
A: very small, no large weapons, unfitting armour, see invisible, speed 3
a: no special abilities


You were on level 3 of the Dungeon.
You visited 1 branch of the dungeon, and saw 3 of its levels.

You collected 97 gold pieces.

Inventory:

Hand Weapons
 a - a +2 dagger (weapon)
Missiles
 d - 3 atropa-tipped darts (quivered)
 n - a throwing net
Armour
 b - a +0 robe (worn)
Jewellery
 f - an amulet of reflection (around neck)
Scrolls
 h - a scroll of immolation
 m - a scroll of identify {unknown}
 o - a scroll of blinking
 p - a scroll of amnesia {unknown}
 q - a scroll of vulnerability {unknown}
Potions
 g - a potion of berserk rage {unknown}
 i - 3 potions of curing {unknown}
 l - a potion of brilliance {unknown}


   Skills:
 - Level 1.1 Short Blades
 - Level 2.6 Dodging
 - Level 4.4 Stealth
 + Level 4.4 Spellcasting
 + Level 5.0 Hexes


You had 2 spell levels left.
You knew the following spells:

 Your Spells              Type           Power      Damage    Failure   Level
a - Ensorcelled Hibernat  Hex/Ice        22%        N/A       9%          2
b - Tukima's Dance        Hex            19%        N/A       6%          3
c - Dazzling Flash        Conj/Hex       22%        N/A       17%         3
d - Magic Dart            Conj           12%        1d3       16%         1

Your spell library contained the following spells:

 Spells                   Type           Power      Damage    Failure   Level
 Call Imp                 Summ           3%         N/A       24%         2
 Confusing Touch          Hex            19%        N/A       6%          3
 Mephitic Cloud           Conj/Pois/Air  3%         N/A       43%         3


Dungeon Overview and Level Annotations

Branches:
Dungeon (3/15)

Altars:


Innate Abilities, Weirdness & Mutations

You are very small and have problems with some larger weapons.
You are too small for most types of armour.
You have supernaturally acute eyesight. (SInv)
You cover ground extremely quickly. (Speed+++)


Message History

You are frozen.
The kobold hits you but does no damage.
There is a stone staircase leading up here.
Unknown command.
Unknown command.
Unknown command.
Casting: Ensorcelled Hibernation (safe; 9% risk of failure)
Confirm with . or Enter, or press ? or * to list all spells.
Aiming: Ensorcelled Hibernation (safe; 9% risk of failure)
Press: ? - help, Shift-Dir - straight line, f - kobold
Aim: a kobold, wielding a +0 dagger (chance to affect: 60%)
You miscast Ensorcelled Hibernation.
You are very lightly contaminated with residual magic.
Nothing appears to happen.
The quokka completely misses you. The kobold hits you with a +0 dagger.
The endoplasm closely misses you.
Casting: Ensorcelled Hibernation (safe; 9% risk of failure)
Confirm with . or Enter, or press ? or * to list all spells.
Aiming: Ensorcelled Hibernation (safe; 9% risk of failure)
Press: ? - help, Shift-Dir - straight line, f/p - kobold
Aim: a kobold, wielding a +0 dagger (chance to affect: 60%)
The kobold resists with significant effort.
The quokka barely misses you. The endoplasm freezes you.
You are frozen.
The kobold misses you. The quokka barely misses you.
Casting: Ensorcelled Hibernation (safe; 9% risk of failure)
Confirm with . or Enter, or press ? or * to list all spells.
Aiming: Ensorcelled Hibernation (safe; 9% risk of failure)
Press: ? - help, Shift-Dir - straight line, f/p - kobold
Aim: a kobold, wielding a +0 dagger (chance to affect: 60%)
The kobold resists with significant effort.
The kobold hits you with a +0 short sword.
The quokka barely misses you. The kobold hits you with a +0 dagger.
* * * LOW HITPOINT WARNING * * *
The endoplasm closely misses you.
You fade into invisibility!
The quokka closely misses you.
The kobold hits you with a +0 short sword.
* * * LOW HITPOINT WARNING * * *
The endoplasm freezes you.
You are frozen.
You die...

,,,,,*****,,..[........#,,,,,,,**
,,,,,* *,,,..........#,,,,,,,*
,,,,,*** *,,,,.........#,,,,,,,*
,,,,,,,* *,,,,#........#,,,,,,,*
,,,,,,,* *,,,,#........+,,,,,,,*
,,,,,,,* #,,,,#........#,,,,,,,*
,,,,,,,* #[.,,#........+,,,,,,,*
,,,,,,,**#....#r.......#,,,,**,*
,,,,,,,,,......K@K.....#,,,,**,*
,,,,*****########J#'####,,,,**,*
,,,,,,* #)#.# *,,.,**,* *,***,*
#.#.#*##...,**,** ,,*
*,*****######)#K#......,,,,,,
,,***,*,,>,#.K.............*,*,**
,,,,*,*,,,,#.####.#####.##.*,*,,,
,,,,*,+,,,,,,,,,#..,,,,,,*,*,****
,,,,***,,,,*,*,*###****,**,*,****


You could see an endoplasm, a quokka and 2 kobolds.

Vanquished Creatures
  5 adders
  5 endoplasms
  3 giant cockroaches (D:2)
  3 hobgoblins
  A quokka (D:1)
  5 ball pythons
  3 bats
  7 frilled lizards
  3 goblins
  4 kobolds (D:1)
  4 rats (D:1)
43 creatures vanquished.

Notes
Turn   | Place    | Note
-------+----------+-------------------------------------------
     0 | D:1      | rgnkln the Spriggan Enchanter began the quest for the Orb.
     0 | D:1      | Reached XP level 1. HP: 9/9 MP: 5/5
   544 | D:1      | Reached skill level 4 in Hexes
   544 | D:1      | Reached XP level 2. HP: 11/13 MP: 7/7
   548 | D:1      | Learned a level 2 spell: Ensorcelled Hibernation
   643 | D:1      | Found a faded altar of an unknown god.
  1272 | D:2      | Reached XP level 3. HP: 16/16 MP: 1/9
  1276 | D:2      | Learned a level 3 spell: Tukima's Dance
  1280 | D:2      | Learned a level 3 spell: Dazzling Flash
  1282 | D:2      | Learned a level 1 spell: Magic Dart
  1883 | D:2      | Reached XP level 4. HP: 21/21 MP: 6/11
  1970 | D:2      | Reached skill level 5 in Hexes
  2298 | D:3      | Frozen to death by an endoplasm

Illustrated notes

Levels and vault maps discovered:
D:1:      dpeg_arrival_oval, layout_rooms, hellmonk_ecumenical_altar_blasted,
          minmay_split_cup_small
D:2:      layout_rooms, minmay_lizard_pond
D:3:      layout_basic, grunt_ministairs_9, minmay_puff, uniq_terence

Skill      XL: |  1  2  3  4 |
---------------+-------------+-----
Spellcasting   | 3 4 |  4.4
Hexes          | 4 5 |  5.0
Short Blades   | |  1.1
Dodging        | |  2.6
Stealth        | |  4.4

Action                   |  1- 3 |  4- 6 || total
-------------------------+-------+-------++-------
Melee: Dagger            |   102 |    17 ||   119
 Cast: Ensorcelled Hiber |    11 |     7 ||    18
       Magic Dart        |     6 |       ||     6
  Use: Scroll            |     1 |     3 ||     4
       Potion            |       |     1 ||     1
 Stab: Sleeping          |    13 |     2 ||    15
Armor: Robe              |     8 |     4 ||    12
Dodge: Dodged            |    69 |    17 ||    86
Block: Other             |    22 |     8 ||    30
       Reflection        |       |     1 ||     1

Table legend: (Time is in decaauts)
 A = Elapsed time spent in this place.
 B = Non-inter-level travel time spent in this place.
 C = Inter-level travel time spent in this place.
 D = Time resting spent in this place.
 E = Time spent auto-exploring this place.
 F = Levels seen in this place.
 G = Mean time per level.
                   A        B        C        D        E       F      G
               +--------+--------+--------+--------+--------+-----+--------+
         Total |   1903 |   1873 |     30 |    347 |   1214 |   3 |  634.3 |
       Dungeon |   1903 |   1873 |     30 |    347 |   1214 |   3 |  634.3 |
               +--------+--------+--------+--------+--------+-----+--------+

Top non-repeatable levels by time:
     D:1: 1022 daAuts
     D:2: 836 daAuts
     D:3: 44 daAuts
